 Dungeon Crawl Stone Soup version 0.28-a0-1199-gef9e1dbd39 (webtiles) character file.

Game seed: 616094400646612323

12166 timneilson the Schismatic (level 11, -9/84 HPs)
             Began as a Demonspawn Abyssal Knight on Dec 19, 2021.
             Was an Elder of Lugonu.
             Mangled by an entropy weaver simulacrum (14 damage)
             ... in an ice cave.
             The game lasted 00:23:44 (13009 turns).

timneilson the Schismatic (DsAK)                   Turns: 13009, Time: 00:23:45

Health: -9/84      AC: 17    Str: 19    XL:     11   Next: 58%
Magic:  0/17       EV: 11    Int: 11    God:    Lugonu [****..]
Gold:   430        SH:  9    Dex: 13    Spells: 10/10 levels left

rFire   . . .      SeeInvis .   m - +1 scimitar (drain)
rCold   . . .      Faith    .   B - +0 buckler
rNeg    + . .      Spirit   +   I - +0 chain mail
rPois   .          Reflect  .   j - +0 helmet
rElec   .          Harm     .   A - +1 cloak
rCorr   .          Rampage  .   h - +0 pair of gloves
Will    .....                   r - +0 pair of boots
Stlth   ..........              d - amulet of guardian spirit
HPRegen 0.24/turn               b - ring of positive energy
MPRegen 0.15/turn               (no ring)

@: slowed, very slow
A: claws 1, spiny 1, sturdy frame 2, condensation shield
a: Renounce Religion, Depart the Abyss, Bend Space, Banish, Corrupt


You were in an ice cave.
You worshipped Lugonu.
Lugonu was greatly pleased with you.
You visited 1 branch of the dungeon, and saw 11 of its levels.
You visited the Abyss 1 time.
You also visited: Ice Cave.

You collected 619 gold pieces.
You spent 189 gold pieces at shops.

Inventory:

Hand Weapons
 a - a +1 falchion
 m - a +1 scimitar of draining (weapon)
Armour
 c - a +0 plate armour
 h - a +0 pair of gloves (worn)
 j - a +0 helmet (worn)
 r - a +0 pair of boots (worn)
 A - a +1 cloak (worn)
 B - a +0 buckler (worn)
 I - a +0 chain mail (worn)
Jewellery
 b - a ring of positive energy (left hand)
 d - an amulet of guardian spirit (around neck)
Wands
 w - a wand of acid (9)
 x - a wand of digging (6)
 y - a wand of polymorph (14)
 z - a wand of flame (47)
Scrolls
 g - 2 scrolls of enchant armour {unknown}
 C - 6 scrolls of identify
 E - 3 scrolls of teleportation
 G - 2 scrolls of amnesia {unknown}
 H - 3 scrolls of magic mapping
Potions
 i - a potion of invisibility
 k - a potion of resistance
 n - a potion of brilliance {unknown}
 o - 3 potions of might
 q - 2 potions of mutation {unknown}
 t - a potion of attraction {unknown}
 u - 3 potions of curing {unknown}
 v - a potion of lignification {unknown}
 D - a potion of magic {unknown}
Miscellaneous
 f - a lightning rod (4/4)
 F - a phantom mirror


   Skills:
 + Level 7.0 Fighting
 * Level 8.5 Long Blades
 * Level 8.4 Armour
 + Level 5.7 Dodging
 * Level 4.9 Shields
 + Level 8.6 Invocations
 + Level 6.1 Evocations


You had 10 spell levels left.
You didn't know any spells.
Your spell library contained the following spells:

 Spells                   Type           Power      Damage    Failure   Level
 Beastly Appendage        Tmut           0%         N/A       73%         1
 Wereblood                Tmut           0%         N/A       86%         2
 Dazzling Flash           Conj/Hex       0%         N/A       97%         3
 Spider Form              Tmut/Pois      0%         N/A       97%         3
 Animate Dead             Necr           0%         N/A       100%        4
 Iskenderun's Mystic Bla  Conj/Tloc      0%         2d3       100%        4
 Starburst                Conj/Fire      0%         6d3       100%        6
 Haunt                    Necr/Summ      0%         N/A       100%        7
 Infestation              Necr           0%         N/A       100%        8


Dungeon Overview and Level Annotations

Branches:
Dungeon (11/15)            Temple (0/1) D:4           IceCv (1/1)
   Lair: D:8-11         Orc: D:9-12

Altars:
Ashenzari
Elyvilon
Qazlal
Ru
Trog
Uskayaw
Xom
Yredelemnul
Zin

Shops:
D:2 (


Innate Abilities, Weirdness & Mutations

You have sharp fingernails.
You are partially covered in sharp spines.
Your movements are less encumbered by armour. (ER -4)
A meltable shield of frost defends you. (SH +4)


Message History

The freezing wraith is struck by your spines.
The freezing wraith misses you.
The freezing wraith completely misses you.
You hit the freezing wraith.
The freezing wraith is heavily damaged.
The freezing wraith hits you but does no damage. x2
You barely miss the freezing wraith.
The freezing wraith is heavily damaged.
The freezing wraith hits you but does no damage.
You block the freezing wraith's attack.
You slash the freezing wraith!
The freezing wraith is severely damaged.
The freezing wraith hits you. The freezing wraith freezes you!
The freezing wraith misses you.
You hit the freezing wraith but do no damage.
The freezing wraith is severely damaged.
The freezing wraith completely misses you.
The freezing wraith hits you but does no damage.
You hit the freezing wraith but do no damage.
The freezing wraith is severely damaged.
The freezing wraith closely misses you. The freezing wraith barely misses you.
You slash the freezing wraith!
The freezing wraith is almost destroyed.
You block the freezing wraith's attack. x2
You hit the freezing wraith.
The freezing wraith is almost destroyed.
The freezing wraith hits you.
* * * LOW HITPOINT WARNING * * *
The freezing wraith freezes you!
* * * LOW HITPOINT WARNING * * *
The freezing wraith hits you.
* * * LOW HITPOINT WARNING * * *
The freezing wraith drains your vigour!
You feel yourself slow down.
You slash the freezing wraith!
You destroy the freezing wraith!
Lugonu accepts your kill. The entropy weaver simulacrum hits you.
* * * LOW HITPOINT WARNING * * *
The entropy weaver simulacrum freezes you!
You die...

###### ##....###
#....@Z.#
##..###...#
##..###...#
##..###...# #...#
#...# ##### ##..#
#... ####...###
###...# #..
##........###....##
##
#...............##


You could see an entropy weaver simulacrum.

Vanquished Creatures
  Snorg (D:11)
  2 boulder beetles
  A two-headed ogre (D:10)
  A wizard (D:10)
  A manticore (D:10)
  2 cyclopes (D:10)
  An unseen horror (D:10)
  A kobold demonologist (D:10)
  A freezing wraith (IceCv)
  Grinder (D:4)
  A hornet (D:9)
  A shadow (D:11)
  5 yaks (D:8)
  A fire bat (shapeshifter) (D:10)
  A basilisk (D:10)
  Edmund (D:4)
  Menkaure (D:5)
  An acid dragon (D:8)
  A water moccasin (D:8)
  2 necrophages
  3 orc warriors (D:10)
  3 sky beasts
  2 black bears
  An ice beast (D:7)
  4 centaurs
  3 kobold brigands
  A gnoll sergeant (D:8)
  A two-headed ogre simulacrum (IceCv)
  3 elephant simulacra (IceCv)
  4 howler monkeys
  4 wights (D:7)
  An electric eel (D:11)
  3 centaur zombies
  A bullfrog zombie (D:6)
  2 hounds
  Crazy Yiuf (D:7)
  2 orc priests
  2 jellies
  A bullfrog skeleton (D:6)
  7 iguanas
  6 orc wizards
  A troll simulacrum (IceCv)
  A spriggan simulacrum (IceCv)
  2 polar bear simulacra (IceCv)
  4 wolf simulacra (IceCv)
  3 hound skeletons
  A howler monkey zombie (D:9)
  4 adders
  2 naga simulacra (IceCv)
  3 gnolls (D:8)
  An ufetubus (D:5)
  An adder zombie (D:5)
  An adder skeleton (D:5)
  2 worms
  3 dart slugs
  20 orcs
  2 bats
  11 endoplasms
  6 giant cockroaches
  5 goblins
  6 hobgoblins
  4 jackals (D:2)
  10 kobolds
  3 quokkas
  4 ball pythons
  5 frilled lizards
  9 rats
196 creatures vanquished.

Notes
Turn   | Place    | Note
-------+----------+-------------------------------------------
     0 | Abyss:1  | timneilson the Demonspawn Abyssal Knight began the quest
                  | for the Orb.
     0 | Abyss:1  | Reached XP level 1. HP: 18/18 MP: 2/2
     6 | Abyss:1  | Found a corrupted altar of Lugonu.
   105 | Abyss:2  | Noticed a daeva
   110 | Abyss:2  | Noticed a small abomination
   111 | D:1      | Escaped the Abyss
   246 | D:1      | Reached * piety under Lugonu
   311 | D:1      | Reached skill level 1 in Dodging
   382 | D:1      | Gained mutation: Your movements are slightly less
                  | encumbered by armour. (ER -2) [demonic ancestry]
   382 | D:1      | Reached XP level 2. HP: 22/24 MP: 3/3
   500 | D:1      | Found a faded altar of an unknown god.
  1112 | D:2      | Reached XP level 3. HP: 29/29 MP: 5/5
  1666 | D:2      | Found Igeleel's Antique Weapon Boutique.
  1843 | D:2      | Reached ** piety under Lugonu
  1844 | D:2      | Gained mutation: You have sharp fingernails. [demonic
                  | ancestry]
  1844 | D:2      | Reached XP level 4. HP: 14/35 MP: 3/6
  2348 | D:3      | Reached skill level 1 in Evocations
  2576 | D:3      | Noticed a black bear
  2587 | D:3      | Killed a black bear
  2588 | D:3      | Gained mutation: A meltable shield of frost defends you.
                  | (SH +4) [demonic ancestry]
  2588 | D:3      | Reached XP level 5. HP: 28/41 MP: 4/7
  2877 | D:4      | Found a staircase to the Ecumenical Temple.
  3097 | D:4      | Noticed Grinder
  3101 | D:4      | Noticed Edmund
  3482 | D:4      | Found a hide-covered altar of Uskayaw.
  3587 | D:2      | Bought a runed scimitar for 189 gold pieces
  3633 | D:4      | Paralysed by Grinder for 5 turns
  3642 | D:4      | Paralysed by Grinder for 5 turns
  4158 | D:4      | Killed Grinder
  4159 | D:4      | Reached XP level 6. HP: 30/48 MP: 8/8
  4327 | D:4      | Killed Edmund
  4328 | D:4      | Reached XP level 7. HP: 36/53 MP: 1/10
  4338 | D:4      | Found a bloodstained altar of Trog.
  4958 | D:5      | Entered Level 5 of the Dungeon
  5101 | D:5      | Found a broken altar of Ashenzari.
  5412 | D:5      | Noticed Menkaure
  5420 | D:5      | Killed Menkaure
  5796 | D:5      | Reached *** piety under Lugonu
  6180 | D:5      | Found a basalt altar of Yredelemnul.
  6180 | D:5      | Found a faded altar of an unknown god.
  6187 | D:5      | Found a shimmering altar of Xom.
  6189 | D:5      | Found a faded altar of an unknown god.
  6316 | D:6      | Reached XP level 8. HP: 61/61 MP: 11/11
  6372 | D:6      | Reached skill level 5 in Invocations
  6682 | D:6      | Reached skill level 5 in Long Blades
  6682 | D:6      | Reached skill level 5 in Armour
  7284 | D:7      | Reached skill level 5 in Fighting
  7534 | D:7      | Gained mutation: Your movements are less encumbered by
                  | armour. (ER -4) [demonic ancestry]
  7534 | D:7      | Reached XP level 9. HP: 68/68 MP: 13/13
  8155 | D:7      | Found a runed translucent door.
  8156 | D:7      | Noticed Crazy Yiuf
  8169 | D:7      | Killed Crazy Yiuf
  8705 | D:8      | Noticed a lindwurm
  8720 | D:8      | Identified the +10 war axe "Jabog" {vorpal, Str+4}
  9224 | D:8      | Noticed a lindwurm
  9307 | D:8      | Noticed a lindwurm
  9339 | D:8      | Noticed a lindwurm
  9448 | D:9      | Found a stormy altar of Qazlal.
  9522 | D:9      | Paralysed by a hornet for 2 turns
  9531 | D:9      | Reached **** piety under Lugonu
  9532 | D:9      | Reached skill level 1 in Shields
 10153 | D:10     | Entered Level 10 of the Dungeon
 10196 | D:10     | Gained mutation: You are partially covered in sharp spines.
                  | [demonic ancestry]
 10196 | D:10     | Reached XP level 10. HP: 29/76 MP: 6/15
 10203 | D:10     | Noticed a two-headed ogre
 10217 | D:10     | Banished a two-headed ogre
 10420 | D:10     | Found a sacrificial altar of Ru.
 10441 | D:10     | Reached skill level 5 in Evocations
 10711 | D:10     | Noticed a six-headed hydra
 10717 | D:10     | Banished a six-headed hydra
 10723 | D:10     | Reached skill level 5 in Dodging
 10737 | D:10     | Noticed a manticore
 10738 | D:10     | Noticed a wizard
 10743 | D:10     | Noticed a boulder beetle
 11144 | D:10     | Killed a wizard
 11167 | D:10     | Noticed a cyclops
 11185 | D:10     | Killed a manticore
 11479 | D:10     | Noticed a two-headed ogre
 11487 | D:10     | Killed a two-headed ogre
 11488 | D:10     | Reached XP level 11. HP: 60/83 MP: 10/16
 11773 | D:10     | Killed a boulder beetle
 11816 | D:10     | Noticed a seven-headed hydra
 12020 | D:10     | Banished a seven-headed hydra
 12398 | D:11     | Noticed a boulder beetle
 12439 | D:11     | Killed a boulder beetle
 12449 | D:11     | Noticed Snorg
 12467 | D:11     | Killed Snorg
 12469 | D:11     | Found a frozen archway.
 12510 | IceCv    | Entered an ice cave
 13009 | IceCv    | Mangled by an entropy weaver simulacrum

Illustrated notes

Levels and vault maps discovered:
D:1:      minmay_arrival_open_corners, layout_basic,
          shapermc_ecumenical_altar_flowoftime
D:2:      layout_basic, serial_shops, nicolae_square_shop, grunt_ministairs_1
D:3:      layout_rooms
D:4:      layout_loops_corners, amcnicky_altar_gilded, kennysheep_mini,
          lemuel_crystal_altar, minmay_temple_entry_mist,
          nicolae_underground_beach, uniq_edmund, uniq_grinder
D:5:      layout_loops_ring, evilmike_ruin_ashenzari,
          chequers_temple_overflow_minitemple, mrwooster_statue_mirror,
          grunt_ministairs_7, ebering_dispersal_statue_hall,
          hangedman_abyss_or_decor_stabs, uniq_menkaure
D:6:      layout_gridville
D:7:      layout_loops_ring, minmay_misc_feat_secret_circle,
          uniq_crazy_yiuf_cottage
D:8:      layout_basic, minmay_lindwurm_lava
D:9:      layout_roguey, nicolae_qazlal_eye_of_the_storm, minivault_21
D:10:     minmay_the_grid_triangle_9x9_rhombus_thin_mashed
          [minmay_the_grid_triangle_9x9_intruding_spiral,
          minmay_the_grid_triangle_9x9_prize_center,
          minmay_the_grid_triangle_9x9_checkered,
          minmay_the_grid_triangle_9x9_pentomino_pain], layout_cave_pods,
          nicolae_ru_awakened_eye, lightli_orcish_oven
D:11:     layout_roguey, erik_lair_dragon, portal_ice_cave_entry_pillars_1,
          minivault_23, hex_intersection, water_boxes_lemuel, uniq_snorg
IceCv:    ice_cave_small_necro

Skill      XL: |  1  2  3  4  5  6  7  8  9 10 11 |
---------------+----------------------------------+-----
Dodging        | 1 2 3 4 5 |  5.7
Armour         | 2 3 4 5 6 7 8 |  8.4
Long Blades    | 2 3 4 5 6 7 8 |  8.5
Invocations    | 3 4 5 6 7 8 |  8.6
Evocations     | 1 2 3 4 5 6 |  6.1
Fighting       | 4 5 6 7 |  7.0
Shields        | 1 3 4 |  4.9

Action                   |  1- 3 |  4- 6 |  7- 9 | 10-12 || total
-------------------------+-------+-------+-------+-------++-------
Melee: Falchion          |   133 |    59 |       |       ||   192
       Scimitar          |       |    46 |   408 |   230 ||   684
Invok: Depart the Abyss  |     1 |       |       |       ||     1
       Bend Space        |       |     2 |       |       ||     2
       Banish            |       |       |       |     4 ||     4
  Use: Scroll            |     4 |     6 |     7 |       ||    17
       Potion            |       |     3 |     1 |     6 ||    10
Armor: Leather armour    |     4 |       |       |       ||     4
       Ring mail         |    53 |     6 |       |       ||    59
       Scale mail        |       |    21 |   184 |    17 ||   222
       Chain mail        |       |       |       |    94 ||    94
Dodge: Dodged            |   104 |    50 |   185 |    84 ||   423
       Repelled          |     1 |       |     1 |       ||     2
Block: Other             |       |    16 |    59 |       ||    75
       Buckler           |       |       |    26 |   104 ||   130

Table legend: (Time is in decaauts)
 A = Elapsed time spent in this place.
 B = Non-inter-level travel time spent in this place.
 C = Inter-level travel time spent in this place.
 D = Time resting spent in this place.
 E = Time spent auto-exploring this place.
 F = Levels seen in this place.
 G = Mean time per level.
                   A        B        C        D        E       F      G
               +--------+--------+--------+--------+--------+-----+--------+
         Total |  13084 |  12594 |    490 |   2371 |   7353 |  14 |  934.6 |
       Dungeon |  12476 |  11986 |    490 |   2048 |   7320 |  11 | 1134.2 |
         Abyss |    110 |    110 |      0 |      0 |      0 |   2 |   55.0 |
      Ice Cave |    497 |    497 |      0 |    323 |     33 |   1 |  497.0 |
               +--------+--------+--------+--------+--------+-----+--------+

Top non-repeatable levels by time:
    D:10: 1591 daAuts
     D:9: 1424 daAuts
     D:3: 1412 daAuts
     D:5: 1353 daAuts
     D:2: 1325 daAuts
     D:4: 1205 daAuts
     D:8: 1132 daAuts
     D:7: 1076 daAuts
     D:1: 924 daAuts
     D:6: 920 daAuts
   IceCv: 497 daAuts
    D:11: 110 daAuts
 Abyss:2: 97 daAuts
 Abyss:1: 13 daAuts
